[Event "Early-Titled-Tuesday-Blitz-April-02-2024"]
[Site "Chess.com"]
[Date "2024.04.02"]
[Round "3"]
[White "TheBigBoss04"]
[Black "Anton_Demchenko"]
[Result "1-0"]
[WhiteElo "2743"]
[BlackElo "2975"]
[TimeControl "180+1"]
[EndTime "8:28:56 PDT"]
[Termination "TheBigBoss04 won by checkmate"]

1. Nf3 Nf6 2. g3 g6 3. Bg2 Bg7 4. d3 O-O 5. e4 d6 6. O-O e5 7. a4 a5 8. Nbd2 Nbd7 9. Nc4 Re8 10. Re1 b6 11. b3 Ba6 12. Ne3 Bb7 13. Bb2 Nc5 14. Nd2 Qd7 15. Nd5 Nxd5 16. exd5 Re7 17. h4 Rae8 18. h5 Qf5 19. hxg6 fxg6 20. Ne4 Rf8 21. Qe2 Ref7 22. Bc1 Nxe4 23. dxe4 Qxf2+ 24. Qxf2 Rxf2 25. Be3 R2f7 26. Bh3 Bc8 27. Bxc8 Rxc8 28. Rf1 Rcf8 29. Rxf7 Rxf7 30. Kg2 h5 31. c3 Rf8 32. b4 Ra8 33. b5 Bf6 34. Rf1 Rf8 35. Bh6 Rf7 36. Be3 Kg7 37. c4 Rf8 38. Rf3 Rh8 39.
Kh3 g5 40. Rf5 Kg6 41. Bf2 g4+ 42. Kg2 h4 43. Be1 h3+ 44. Kh2 Bg5 45. Bf2 Bd2 46. Bg1 Bc3 47. Be3 Bd4 48. Bd2 Bc5 49. Rg5+ Kh7 50.
Rxg4 Rf8 51. Rh4+ Kg6 52. Rg4+ Kh7 53. Rh4+ Kg6 54. Rg4+ Kf7 55. Kxh3 Ke8 56. Rg7 Rf2 57. Bg5 Ra2 58. Re7+ Kf8 59. Rxc7 Rxa4 60. Kg4 Rxc4 61. Kf5 Rc2 62. Kg6 Ke8 63. Re7+ Kf8 64. Rd7 Ke8 65. Rd8# 1-0

[Event "Early-Titled-Tuesday-Blitz-April-02-2024"]
[Site "Chess.com"]
[Date "2024.04.02"]
[Round "3"]
[White "Midgardsormur"]
[Black "yaguigor"]
[Result "1/2-1/2"]
[WhiteElo "2451"]
[BlackElo "2628"]
[TimeControl "180+1"]
[EndTime "8:28:56 PDT"]
[Termination "Game drawn by repetition"]

1. e4 c5 2. Nc3 Nc6 3. Bb5 Nd4 4.
Nf3 e6 5. O-O a6 6. Bd3 Nc6 7.
a3 g5 8. b4 g4 9. Ne1 h5 10.
f4 cxb4 11. axb4 Bxb4 12. Bb2 Rh6 13. e5 f5 14. exf6 Nxf6 15. Qe2 Kf8 16. Ne4 Nxe4 17.
Bxe4 Bc5+ 18. Kh1 Bd4 19. Bxd4 Nxd4 20. Qe3 Qf6 21. c3 Nf5 22. Bxf5 exf5 23. Nd3 d6 24. Nb4 Bd7 25. Qb6 Re8 26. Qxb7 Rh7 27. Qxa6 h4 28. Rfe1 h3 29. g3 Rhe7 30. Rxe7 Qxe7 31. Kg1 Kg7 32. Qd3 Kg6 33. Nd5 Qe2 34. Qxe2 Rxe2 35. Ne3 Rxd2 36. Rd1 Re2 37. Rxd6+ Kh5 38. Rxd7 Rxe3 39.
Rg7 Rxc3 40. Rg5+ Kh6 41. Rxf5 Rc1+ 42. Kf2 Rh1 43. Rg5 Rxh2+ 44. Kf1 Rh1+ 45. Kf2 Rh2+ 46.
Kf1 Ra2 47. Rxg4 h2 48. Rh4+ Kg6 49. g4 Kf6 50. Rh6+ Ke7 51. Rh3 Kd6 52. g5 Ke6 53. g6 Kf6 54. f5 Kxf5 55. g7 Ra1+ 56. Kg2 Rg1+ 57. Kxh2 Rxg7 58. Rg3 Ra7 59. Kg2 Kf4 60. Rf3+ Ke4 61. Rf2 Rg7+ 62. Kh2 Ke3 63. Ra2 Rg8 64. Ra3+ Ke4 65. Ra4+ Ke3 66. Ra3+ Ke4 67. Ra4+ Kf3 68. Ra3+ Kf2 69. Ra2+ Kf3 70. Ra3+ Kf2 71. Ra2+ Kf3 72. Ra3+ 1/2-1/2

[Event "Early-Titled-Tuesday-Blitz-April-02-2024"]
[Site "Chess.com"]
[Date "2024.04.02"]
[Round "3"]
[White "chess_blitz00"]
[Black "dealshark"]
[Result "1-0"]
[WhiteElo "2543"]
[BlackElo "2311"]
[TimeControl "180+1"]
[EndTime "8:28:56 PDT"]
[Termination "chess_blitz00 won on time"]

1. Nf3 d5 2. g3 Nf6 3. Bg2 e6 4.
O-O Be7 5. d4 O-O 6. Nbd2 c6 7. c4 Nbd7 8. b3 b6 9. Bb2 Bb7 10. Qc2 Rc8 11. Ne5 Qc7 12. f4 c5 13.
e3 cxd4 14. exd4 dxc4 15. bxc4 Bxg2 16. Kxg2 Nd5 17. Qb3 N5f6 18. Rac1 Qb7+ 19. Qf3 Qa6 20. Qb3 Rfd8 21. Ndf3 Qb7 22. Rfe1 Ne4 23. Qe3 Ndf6 24. Rc2 Bb4 25. Ree2 Qa6 26. a3 Be7 27. h3 Nd6 28.
Ng5 h6 29. Ngxf7 Nf5 30. Qf3 Nxd4 31. Bxd4 Rxd4 32. Ng5 Rd6 33. Ne4 Nxe4 34. Qxe4 Bf6 35. Ng4 Rf8 36. Qg6 Kh8 37. Qe4 Qxa3 38. h4 Rd3 39. Re3 Rxe3 40. Nxe3 Rd8 41. Re2 Qd3 42. Qf3 Bd4 43. Re1 Bxe3 44. Rxe3 Qxc4 45. Kh3 Rd2 46. Qa8+ Kh7 47. Qf3 Rd5 48. Rxe6 Rd3 49. Qg4 Rd7 50. Qf5+ Kh8 51. Re8+ Qg8 52. Rxg8+ Kxg8 53. Qxd7 Kh7 54. Qxa7 b5 55. Qb6 b4 56. Qxb4 1-0

[Event "Early-Titled-Tuesday-Blitz-April-02-2024"]
[Site "Chess.com"]
[Date "2024.04.02"]
[Round "3"]
[White "WiktoriaPOL"]
[Black "MarcoRiehle"]
[Result "1-0"]
[WhiteElo "2347"]
[BlackElo "2779"]
[TimeControl "180+1"]
[EndTime "8:29:00 PDT"]
[Termination "WiktoriaPOL won by checkmate"]

1. c4 c5 2. Nf3 Nf6 3. Nc3 d5 4. cxd5 Nxd5 5. d4 Nxc3 6. bxc3 cxd4 7. cxd4 e6 8. e3 Bb4+ 9. Bd2 Bxd2+ 10. Qxd2 O-O 11.
Bd3 Nd7 12. O-O b6 13. Qc2 Nf6 14. Ne5 Bb7 15. Qa4 a6 16. Rac1 b5 17. Qb3 Rc8 18.
Rxc8 Qxc8 19. Qa3 Nd5 20. Rc1 Qd8 21. Nc6 Qf6 22. Na5 Ba8 23. Qd6 g6 24. Nb3 Rd8 25.
Qxa6 b4 26. Rc8 Nb6 27. Rxd8+ Qxd8 28. e4 Kg7 29. f3 Qc7 30. Qb5 Nd7 31. Qxb4 e5 32.
Qc4 Qa7 33. Qa6 Qb8 34. d5 Bb7 35. Qb5 Qa7+ 36. Kh1 Nf6 37. h3 Nh5 38. d6 Qf2 39. d7 Qe1+ 40. Kh2 Qg3+ 41. Kh1 Qe1+ 42. Kh2 Qg3+ 43. Kh1 Nf4 44. Bf1 Nxh3 45. gxh3 Qxf3+ 46. Bg2 Qd1+ 47. Kh2 Ba8 48. Qxe5+ Kh6 49. Qf4+ Kg7 50. Qd2 Qh5 51. d8=Q Bb7 52. Q8d4+ Kg8 53. Qd8+ Kg7 54. Q2d4+ Kh6 55. Qf8+ Kg5 56. Qe3+ Kf6 57. Qd6+ Kg7 58.
Qed4+ Kh6 59. Qf4+ Qg5 60. Qxg5+ Kxg5 61. Qe5+ Kh6 62.
Nc5 Bc6 63. Qf4+ Kg7 64. a4 h5 65. a5 g5 66. Qxg5+ Kh7 67. Qxh5+ Kg7 68. e5 Bxg2 69.
Kxg2 Kg8 70. a6 Kg7 71. a7 f5 72. a8=Q f4 73. Qb7+ Kg8 74. Qhh7+ Kf8 75. Qh8# 1-0

[Event "Early-Titled-Tuesday-Blitz-April-02-2024"]
[Site "Chess.com"]
[Date "2024.04.02"]
[Round "3"]
[White "Sanan_Sjugirov"]
[Black "Saxar85"]
[Result "1/2-1/2"]
[WhiteElo "2988"]
[BlackElo "2743"]
[TimeControl "180+1"]
[EndTime "8:29:01 PDT"]
[Termination "Game drawn - insufficient material"]

1. d4 Nf6 2. c4 e6 3. Nc3 Bb4 4. Nf3 b6 5. g3 Bb7 6. Bg2 Bxc3+ 7. bxc3 O-O 8. O-O Be4 9. Re1 Nc6 10. Bh3 Bxf3 11.
exf3 d6 12. f4 Na5 13. Qd3 c5 14. f5 exf5 15. Bxf5 h6 16. Bf4 cxd4 17. cxd4 d5 18. c5 Nc4 19. Qb3 bxc5 20. dxc5 Qa5 21. c6 Qc5 22. c7 g5 23. c8=Q Raxc8 24. Bxc8 Rxc8 25. Be3 d4 26. Bc1 Ng4 27. Qf3 Nge5 28. Qe4 Qc6 29. Qxc6 Rxc6 30. Rd1 d3 31. Kg2 g4 32. Bf4 f6 33. Rac1 Ra6 34. Bxh6 Rxa2 35. Ra1 Rc2 36. Bf4 d2 37. Rxa7 Nd3 38. Rd7 Nxf4+ 39. gxf4 Kf8 40. Ra1 Nb6 41. Rd4 Rc1 42. Ra6 d1=Q 43.
Rxd1 Rxd1 44. Rxb6 Kf7 45. Kg3 Rg1+ 46. Kh4 Rg2 47.
f5 Rxh2+ 48. Kxg4 Rxf2 49. Rb7+ Kg8 50. Kh5 Rg2 51. Kh6 Rg5 52. Rc7 Kf8 53. Rb7 Ke8 54. Ra7 Rxf5 55. Kg6 Rf3 56. Rb7 Rf2 57. Ra7 f5 58. Kg5 f4 59. Kg4 Kf8 60. Ra4 Ke8 61. Rxf4 Rxf4+ 62. Kxf4 1/2-1/2

[Event "Early-Titled-Tuesday-Blitz-April-02-2024"]
[Site "Chess.com"]
[Date "2024.04.02"]
[Round "3"]
[White "MrChessSponge"]
[Black "the_chess_child"]
[Result "0-1"]
[WhiteElo "2570"]
[BlackElo "2844"]
[TimeControl "180+1"]
[EndTime "8:29:04 PDT"]
[Termination "the_chess_child won by resignation"]

1. e4 c5 2. Nf3 e6 3. g3 Nc6 4.
Bg2 d6 5. O-O Nf6 6. Nc3 e5 7.
d3 Be7 8. Bg5 O-O 9. Nd2 Rb8 10.
Nc4 b5 11. Ne3 Be6 12. Bxf6 Bxf6 13. Ncd5 g6 14. c3 Bg7 15. f4 exf4 16. gxf4 Qh4 17. Qe1 Qxe1 18. Raxe1 b4 19. f5 Bxd5 20. Nxd5 Be5 21.
Re2 f6 22. fxg6 hxg6 23. Bh3 Kg7 24. Bd7 Nd8 25. Rd1 bxc3 26. bxc3 Rb7 27. Bc8 Rb8 28. Bd7 Rf7 29. Be8 Rfb7 30. d4 cxd4 31. cxd4 Rb1 32.
Rd2 Bxd4+ 33. Rxd4 Ne6 34. Rd2 Rxd1+ 35. Kf2 Rxe8 36.
Rxd1 Nc5 37. Nc3 Nxe4+ 38. Nxe4 Rxe4 39. Rxd6 Ra4 40. Rd7+ Kh6 41. Rd2 Ra3 42. Kg2 Kg5 43. Rc2 f5 44. Re2 Kf6 45. Rc2 g5 46. Rd2 g4 47. Rc2 Kg5 48. Rd2 f4 49. Rd5+ Kh4 50. Rd2 f3+ 51. Kf2 Kh3 52. Kg1 Ra4 53. Rd7 f2+ 54.
Kxf2 Rxa2+ 55. Kg1 Rg2+ 56. Kf1 Rxh2 57. Rxa7 Rh1+ 58. Kf2 g3+ 59. Ke2 Kg2 60. Ra2 Rh8 61.
Ke3+ Kh3 62. Kf3 Rf8+ 63. Ke4 g2 64. Ra3+ Kh2 0-1

[Event "Early-Titled-Tuesday-Blitz-April-02-2024"]
[Site "Chess.com"]
[Date "2024.04.02"]
[Round "3"]
[White "Vse_po_kaify"]
[Black "Mikasinski"]
[Result "1/2-1/2"]
[WhiteElo "2484"]
[BlackElo "2641"]
[TimeControl "180+1"]
[EndTime "8:29:05 PDT"]
[Termination "Game drawn - insufficient material"]

1. e4 c5 2. c4 Nc6 3. Nc3 g6 4.
g3 Bg7 5. Bg2 d6 6. d3 e6 7.
Nge2 Nge7 8. O-O O-O 9. f4 Nd4 10. h3 Rb8 11. Be3 a6 12. Rb1 b5 13. b3 Qa5 14. Qd2 Nec6 15. g4 f5 16. gxf5 exf5 17. Rfe1 fxe4 18. Nxe4 Qxd2 19. Bxd2 Nxe2+ 20. Rxe2 Nd4 21. Rf2 Nf5 22. Kh2 Bd4 23. Re2 Kg7 24. Rbe1 Re8 25. Nxd6 Rxe2 26. Nxf5+ Bxf5 27. Rxe2 Bxd3 28. Re7+ Kh8 29.
Rb7 Rxb7 30. Bxb7 bxc4 31. bxc4 Bxc4 32. a4 Kg7 33. Kg3 Kf6 34. Kf3 Bd3 35. a5 Ke6 36. Be1 Kd7 37. Bd2 Bb5 38. Kg4 c4 39. Kg5 c3 40.
Bc1 Bd3 41. Kh6 Kc7 42. Bd5 Kd6 43. Bg8 Kc5 44. Bxh7 Kb4 45. Bxg6 Bc4 46. Bc2 Kxa5 47. f5 Kb4 48. Kg6 Bb3 49. Be4 a5 50. f6 a4 51. f7 Bc5 52. Kg7 a3 53. Bxa3+ Kxa3 54. f8=Q Bxf8+ 55. Kxf8 Kb2 56. h4 Bc2 57. Bxc2 Kxc2 58.
h5 Kb3 59. h6 c2 60. h7 c1=Q 61. h8=Q Qc5+ 62. Kg8 Qc8+ 63. Kg7 Qxh8+ 64. Kxh8 1/2-1/2

[Event "Early-Titled-Tuesday-Blitz-April-02-2024"]
[Site "Chess.com"]
[Date "2024.04.02"]
[Round "3"]
[White "RuperezA"]
[Black "MyDream003"]
[Result "0-1"]
[WhiteElo "2523"]
[BlackElo "2816"]
[TimeControl "180+1"]
[EndTime "8:29:07 PDT"]
[Termination "MyDream003 won on time"]

1. e4 c6 2. Nc3 d5 3. Nf3 dxe4 4. Nxe4 Nf6 5. Qe2 Nxe4 6. Qxe4 Be6 7. b3 Nd7 8. Bb2 Nf6 9. Qh4 g6 10. Ng5 Qd7 11.
O-O-O Bg7 12. Nxe6 Qxe6 13. Bc4 Qd7 14. Rhe1 O-O 15. Qd4 Qc7 16. Qe5 Qxe5 17. Bxe5 e6 18. a4 Nd7 19. Bxg7 Kxg7 20. d4 Rfe8 21. f4 Rad8 22.
Rd3 Nf6 23. Red1 Rd6 24. h3 Red8 25. Kb2 Ne4 26. Re3 Nf6 27. Red3 h6 28. c3 Ne4 29. Re1 Nf6 30. Red1 Kf8 31. Re1 Ke7 32. Rde3 a5 33. g4 Nd5 34. Rf3 Kf6 35. Re5 b6 36. h4 Ne7 37. h5 Kg7 38. hxg6 Nxg6 39. Rh5 Ne7 40. Rfh3 Ng8 41. g5 hxg5 42. fxg5 c5 43. Bd3 cxd4 44. Rh7+ Kf8 45. Rf3 dxc3+ 46. Kxc3 R8d7 47. g6 f5 48. Rfh3 Rc6+ 49. Bc4 Rg7 50. Rd3 Rc8 51. Kb2 Rxg6 52. Rdd7 Rf6 53. Rh8 f4 54. Bd3 Rf7 55. Rxf7+ Kxf7 56. Rh7+ Kf6 57. Rh4 e5 58. Rh5 Ne7 0-1

[Event "Early-Titled-Tuesday-Blitz-April-02-2024"]
[Site "Chess.com"]
[Date "2024.04.02"]
[Round "3"]
[White "NewBornNow"]
[Black "JoshuaGK27"]
[Result "1/2-1/2"]
[WhiteElo "2813"]
[BlackElo "2536"]
[TimeControl "180+1"]
[EndTime "8:29:10 PDT"]
[Termination "Game drawn by agreement"]

1. e4 c5 2. Nf3 d6 3. d4 cxd4 4.
Nxd4 Nf6 5. Bd3 Nc6 6. Nxc6 bxc6 7. O-O g6 8. b3 Bg7 9. Bb2 O-O 10. Nc3 a5 11. Na4 Ba6 12. c4 Qc7 13. Qe2 Nd7 14. Bxg7 Kxg7 15. Rac1 Ne5 16. f4 Nd7 17. Kh1 Nb6 18.
Nc3 c5 19. e5 Bb7 20. Be4 dxe5 21. Bxb7 Qxb7 22. Qxe5+ Kg8 23. Qxc5 a4 24. Qb4 Rfb8 25. f5 axb3 26. axb3 Nc8 27. Qxb7 Rxb7 28. Nb5 Nd6 29. Nd4 Nxf5 30. Nxf5 gxf5 31. Rc3 Rab8 32. Rb1 e5 33. Kg1 e4 34. g3 Kg7 35. Kf2 Kf6 36.
Ke3 Ke5 37. c5 Rb4 38. c6 Rc8 39. Rd1 Rb6 40. c7 Rb7 41. Rdc1 Kd6 42. Rd1+ Ke7 43. Rdc1 Kd7 44. Kf4 Rbxc7 45. Rd1+ Ke7 46. Rxc7+ Rxc7 47.
Kxf5 Rb7 48. Rb1 e3 49. Kf4 e2 50. Re1 Rxb3 51. Rxe2+ Kf6 52. Kg4 Rb4+ 53. Kh3 Kg7 54.
Rc2 Rb6 55. Rc5 Rh6+ 56. Kg2 Rb6 57. h4 Rb2+ 58. Kh3 Rb6 59. Kg4 Rg6+ 60. Kf4 Rf6+ 61. Rf5 Rc6 62. g4 h6 63. Re5 Rc4+ 64. Re4 Rc6 65. h5 Rf6+ 66. Kg3 Rc6 67. Kh4 Rc1 68.
Kg3 1/2-1/2

[Event "Early-Titled-Tuesday-Blitz-April-02-2024"]
[Site "Chess.com"]
[Date "2024.04.02"]
[Round "3"]
[White "EvgenyBurmakin"]
[Black "RedFirePanda"]
[Result "1/2-1/2"]
[WhiteElo "2354"]
[BlackElo "2535"]
[TimeControl "180+1"]
[EndTime "8:29:11 PDT"]
[Termination "Game drawn by repetition"]

1. e4 d5 2. exd5 Qxd5 3. Nc3 Qd8 4. Bc4 Nf6 5. d3 c6 6. Nge2 Bf5 7. Bf4 e6 8. Qd2 Bd6 9. h3 Bxf4 10. Qxf4 Nbd7 11. Qg3 Nh5 12. Qf3 Bg6 13. g4 Nhf6 14. Nf4 Ne5 15. Qe2 Nxc4 16. dxc4 Qd6 17. Nxg6 hxg6 18.
Ne4 Nxe4 19. Qxe4 Qb4+ 20. Ke2 O-O-O 21. b3 Rd2+ 22. Kf3 Qc3+ 23. Qe3 Rxc2 24. Qxc3 Rxc3+ 25.
Kg2 Rd8 26. Rhd1 Rxd1 27. Rxd1 Rc2 28. Rd3 Rxa2 29. g5 f6 30. gxf6 gxf6 31. Rf3 f5 32. Rg3 b5 33. Rxg6 Kd7 34. Rg7+ Kd6 35. cxb5 cxb5 36. h4 a5 37. h5 a4 38. bxa4 Rxa4 39. h6 Rh4 40. h7 b4 41. Rb7 b3 42.
Kg3 Rh6 43. Kf4 b2 44. Kg5 Rxh7 45. Rxb2 Rg7+ 46. Kf6 Rg4 47. Rd2+ Kc5 48. Kxe6 Rf4 49. Ke5 Rf3 50. Rc2+ Kb4 51. Kd4 Kb3 52. Re2 Kb4 53.
Rb2+ Ka5 54. Ke5 Ka4 55. Kd4 Ka3 56. Re2 Kb4 57. Rb2+ Ka3 58. Re2 Kb4 1/2-1/2

[Event "Early-Titled-Tuesday-Blitz-April-02-2024"]
[Site "Chess.com"]
[Date "2024.04.02"]
[Round "3"]
[White "OriTaichman"]
[Black "Nemegejas"]
[Result "0-1"]
[WhiteElo "2568"]
[BlackElo "2822"]
[TimeControl "180+1"]
[EndTime "8:29:12 PDT"]
[Termination "Nemegejas won by checkmate"]

1. e4 c6 2. d4 d5 3. e5 Bf5 4. Nd2 e6 5. Nb3 c5 6. dxc5 Bxc5 7. Nxc5 Qa5+ 8. c3 Qxc5 9. Nf3 Qc7 10. Bf4 Ne7 11.
Nd4 O-O 12. Nxf5 Nxf5 13. Bd3 Nc6 14. Bxf5 exf5 15. Qxd5 Rfe8 16. O-O-O Nxe5 17. Kb1 Kh8 18. Rhe1 f6 19. Qd6 Qxd6 20. Rxd6 Re7 21. Red1 Kg8 22.
Be3 b6 23. a4 Kf7 24. Kc2 Nc4 25.
Rd7 Ne5 26. Rxe7+ Kxe7 27. Bd4 Ke6 28. Re1 Kd5 29. f4 Ng6 30. g3 Kd6 31. b4 Kd7 32.
b5 Ne7 33. Kd3 Nc8 34. c4 Nd6 35. c5 bxc5 36. Bxc5 Ne4 37. Bb4 a6 38. Rb1 axb5 39.
axb5 Rb8 40. Be1 Kd6 41. g4 g6 42. gxf5 gxf5 43. Kc4 Rc8+ 44. Kd4 Rb8 45. Bb4+ Ke6 46.
Ba3 Rb7 47. b6 Kd7 48. Kd5 Nc3+ 49. Kc5 Nxb1 50. Bb4 h5 51. h4 Rb8 52. Kb5 Rb7 53. Kc5 Kc8 54. Kc6 Rd7 55. Kb5 Kb7 56. Kc5 Rd3 57.
Kc4 Rf3 58. Kb5 Rxf4 59. Bd6 Rxh4 60. Bc7 Re4 61. Kc5 h4 62. Kd5 h3 63. Kc5 Nc3 64.
Kd6 Ne2 65. Kd7 f4 66. Kd6 h2 67. Kd5 h1=Q 68. Kc5 Qc1+ 69. Kd6 Qc6# 0-1

[Event "Early-Titled-Tuesday-Blitz-April-02-2024"]
[Site "Chess.com"]
[Date "2024.04.02"]
[Round "3"]
[White "toninhojit"]
[Black "Matibar"]
[Result "0-1"]
[WhiteElo "2489"]
[BlackElo "2722"]
[TimeControl "180+1"]
[EndTime "8:29:12 PDT"]
[Termination "Matibar won on time"]

1. d4 f5 2. c4 Nf6 3. Nf3 g6 4. g3 Bg7 5. Bg2 O-O 6. O-O d6 7. b3 a5 8. Bb2 a4 9. Qc2 c6 10. Nbd2 a3 11. Bc3 Na6 12. Rfe1 d5 13. Ne5 Ne4 14. Ndf3 Nxc3 15. Qxc3 Kh8 16. Rac1 Be6 17.
e3 Bg8 18. cxd5 Bxd5 19. Nd2 Nc7 20. e4 fxe4 21. Nxe4 Nb5 22. Qa1 Bxe4 23. Rxe4 Qd6 24. Nc4 Qf6 25. Rf4 Qg5 26. h4 Qh6 27. Rxf8+ Rxf8 28.
Ne5 Qd2 29. Rd1 Qxf2+ 30. Kh2 Qb2 31. Nc4 Qxa1 32. Rxa1 Bxd4 33. Rd1 e5 34. Na5 Nc3 35. Rd2 Rf7 36. Nc4 Kg7 37. Nxa3 Rf2 38. Rxf2 Bxf2 39. Bf1 Nxa2 40. Nc4 Kf6 41. Na5 Nc3 42. Nxb7 Ne4 43. Bg2 Nxg3 44. Bxc6 Nf5 45. h5 g5 46. Na5 g4 47. Nc4 Nd4 48. Bd5 Be1 49. Kg2 h6 50. Ne3 Kg5 51. Bf7 Bd2 52. Nc4 Bf4 53. b4 e4 54. Nb2 Bd6 55. Bd5 Kf4 56. b5 Nxb5 57. Nc4 Bb4 58. Nb2 Nd4 59. Bb7 Nf5 60. Bc8 Ne3+ 61.
Kg1 g3 62. Bb7 Bc5 63. Na4 Bd4 64. Kh1 Ng4 65. Bc6 Nf6 0-1

[Event "Early-Titled-Tuesday-Blitz-April-02-2024"]
[Site "Chess.com"]
[Date "2024.04.02"]
[Round "3"]
[White "Joachim100x"]
[Black "wonderfultime"]
[Result "0-1"]
[WhiteElo "2546"]
[BlackElo "2970"]
[TimeControl "180+1"]
[EndTime "8:29:13 PDT"]
[Termination "wonderfultime won by resignation"]

1. Nc3 d5 2. d4 Nf6 3. Bg5 Bf5 4. e3 Nbd7 5. Nf3 e6 6. Bd3 Bg6 7. O-O Be7 8. h3 O-O 9. Re1 c5 10. Bxg6 hxg6 11. dxc5 Nxc5 12. Ne5 Rc8 13. Rc1 Qb6 14. Rb1 Rfd8 15. Nd3 Nce4 16. Bxf6 Bxf6 17. Na4 Qa5 18. Nac5 Nxc5 19. b4 Qxa2 20. bxc5 b6 21. cxb6 axb6 22. Rxb6 Qxc2 23. Qxc2 Rxc2 24. Rd1 g5 25.
Rb7 Ra8 26. Ne1 Re2 27. Nf3 Raa2 28. Rf1 Rec2 29. Rb8+ Kh7 30. Rb7 Kg6 31. Ne1 Rcb2 32. Rxb2 Rxb2 33. Nf3 Kf5 34. Rd1 g4 35. hxg4+ Kxg4 36. Nd4 Kg5 37. Nf3+ Kf5 38. Nd4+ Kg6 39. Nf3 Rb4 40.
Rc1 e5 41. Rc6 Kf5 42. Rc7 Ke6 43. Rc6+ Kd7 44. Ra6 Rb1+ 45. Kh2 d4 46. exd4 exd4 47. Ra5 Kc6 48. Ra7 Rb7 49. Ra4 d3 50. Ra3 Rd7 51.
Nd2 Kb5 52. f4 Bd8 53. Rb3+ Ka4 54. Rb1 Ba5 55. Nc4 Rd5 56. Kg3 d2 57. Ne3 Rd3 58. Kf2 Rb3 59. Rd1 Bb6 60. Ra1+ Kb5 61. Ke2 Bxe3 62.
Ra2 Rb1 63. Rc2 d1=Q+ 0-1

[Event "Early-Titled-Tuesday-Blitz-April-02-2024"]
[Site "Chess.com"]
[Date "2024.04.02"]
[Round "3"]
[White "David_George21"]
[Black "Kazmin_Semyon"]
[Result "0-1"]
[WhiteElo "2351"]
[BlackElo "2597"]
[TimeControl "180+1"]
[EndTime "8:29:14 PDT"]
[Termination "Kazmin_Semyon won by resignation"]

1. e4 e6 2. d4 d5 3. Nd2 c5 4. exd5 Qxd5 5. Ngf3 cxd4 6. Bc4 Qd6 7.
O-O Nf6 8. Nb3 Nc6 9. Nbxd4 Nxd4 10. Nxd4 a6 11. c3 Qc7 12. Qe2 Bd6 13. h3 O-O 14. Be3 b5 15. Bb3 Bb7 16. Rad1 Rfd8 17. Bg5 Bh2+ 18.
Kh1 Be5 19. f4 Bxd4 20. cxd4 Ne4 21. Bxd8 Ng3+ 22. Kh2 Nxf1+ 23. Qxf1 Rxd8 24. Qf2 Bd5 25. Bxd5 Rxd5 26. Kg1 Rf5 27. Rf1 h5 28. Qe3 Qd6 29. Qe4 Rd5 30. Rd1 Qb4 31. b3 Qc3 32. Qd3 Qb2 33. Rd2 Qc1+ 34. Kh2 Qe1 35. Re2 Qh4 36. Re4 Qf6 37. g3 Qf5 38. Qe3 Rd8 39. Re5 Qc2+ 40.
Qe2 Qxe2+ 41. Rxe2 Rxd4 42. Rc2 Kh7 43. Kg2 Kg6 44.
Kf3 Rd3+ 45. Kf2 Kf5 46. Rc5+ Ke4 47. Re5+ Kd4 48. Rxh5 Rd2+ 49. Kf3 Rxa2 50. Rh7 Rb2 51. Rxg7 Rxb3+ 52. Kg4 f5+ 53. Kh4 a5 54. g4 fxg4 55. hxg4 a4 56. g5 Ke4 57. Rf7 Rb1 58. Kh5 a3 59. Kg6 a2 60. Ra7 a1=Q 61. Rxa1 Rxa1 62.
Kf6 b4 63. g6 b3 64. g7 Ra8 65. Kf7 b2 66. g8=Q Rxg8 67. Kxg8 b1=Q 0-1

[Event "Early-Titled-Tuesday-Blitz-April-02-2024"]
[Site "Chess.com"]
[Date "2024.04.02"]
[Round "3"]
[White "Andrei_Skvortsov"]
[Black "colegiodemadrid"]
[Result "0-1"]
[WhiteElo "2690"]
[BlackElo "2524"]
[TimeControl "180+1"]
[EndTime "8:29:18 PDT"]
[Termination "colegiodemadrid won by resignation"]

1. c4 Nf6 2. Nc3 g6 3. g4 Nxg4 4. e4 Nf6 5. e5 Ng8 6. d4 c5 7.
d5 Bg7 8. f4 d6 9. Nf3 Nh6 10.
exd6 exd6 11. Qe2+ Qe7 12. Qxe7+ Kxe7 13. Bd2 Bg4 14. Bg2 Nf5 15. O-O-O Bxf3 16. Rde1+ Kd7 17. Bxf3 Nd4 18. Bd1 Na6 19. a3 Nc7 20. h4 a6 21.
h5 b5 22. Ne4 bxc4 23. h6 Bf8 24. Nf6+ Kd8 25. Ba5 Kc8 26. Bg4+ Kb7 27. Kb1 Nb3 28.
Bc3 Nd4 29. Re4 Ncb5 30. Ba5 Nc7 31. Bd7 Ncb5 32. Rhe1 Rb8 33. Rh1 Nb3 34. Bc6+ Ka7 35.
Be1 N3d4 36. Bd7 Nxa3+ 37. Ka2 Nab5 38. Rh3 Kb6 39. Rhe3 Bxh6 40. Bh3 Nc2 41. Nd7+ Kb7 42. Nxb8 Rxb8 43. Re7+ Kb6 44. R3e4 Nbd4 45. Bc3 a5 46. Rxf7 Nb4+ 47. Kb1 Nd3 48. Rxh7 Bxf4 49. Ree7 Nb5 50. Ka1 Nxc3 51. bxc3 Bd2 52. Bc8 Bxc3+ 53. Kb1 Kb5 54. Rb7+ Rxb7 55. Bxb7 Kb4 56. Kc2 Bd4 57. Bc6 Ka3 58. Rb7 Nb4+ 59. Kd1 c3 60. Kc1 Be3+ 61. Kd1 c2+ 62. Ke2 c1=Q 63. Kf3 Qf1+ 64. Ke4 Qe2 65.
Bb5 Qe1 66. Be2 Qxe2 67. Rxb4 Bd4+ 68. Kf4 Qe3+ 69. Kg4 cxb4 0-1

[Event "Early-Titled-Tuesday-Blitz-April-02-2024"]
[Site "Chess.com"]
[Date "2024.04.02"]
[Round "3"]
[White "GP9isback23"]
[Black "JoshWeinstein"]
[Result "1-0"]
[WhiteElo "2604"]
[BlackElo "2374"]
[TimeControl "180+1"]
[EndTime "8:29:18 PDT"]
[Termination "GP9isback23 won by resignation"]

1. d4 Nf6 2. Nf3 g6 3. e3 Bg7 4. Be2 O-O 5. O-O d6 6. b3 Nbd7 7. Bb2 Re8 8. c4 e5 9. Nc3 c6 10. Rc1 h6 11. b4 Kh7 12. Qb3 a6 13. a4 Qe7 14. Rfd1 e4 15. Nd2 Nf8 16. b5 Bf5 17.
Ba3 Qc7 18. Re1 h5 19. Qb4 Rad8 20. a5 Ne6 21. bxa6 bxa6 22. Na4 Bf8 23. Qb6 Rb8 24. Qxc7 Nxc7 25. Nb6 c5 26. Nb3 Na8 27. dxc5 dxc5 28. Bxc5 Bxc5 29. Nxc5 Nxb6 30. axb6 Rxb6 31. Ra1 Ra8 32.
Ra5 Bc8 33. Rea1 Ne8 34. Nxe4 f5 35. Nc3 Rb3 36. Nd5 Be6 37. h4 Rb2 38. Bf3 Rc8 39. Rxa6 Ng7 40. Nf6+ Kh6 41. Bd5 Bxd5 42. cxd5 Rcc2 43.
Rf1 Rd2 44. Ng8+ Kh7 45. Ne7 f4 46. exf4 Nf5 47. Nxf5 gxf5 48. Rd6 Kg7 49. g3 Kf7 50. Kg2 Rbc2 51. Rh6 Rxd5 52. Rxh5 Kg6 53. Rg5+ Kf6 54. Rg8 Rdd2 55. Re8 Kf7 56. Re3 Kf6 57. Rf3 Kg6 58. Rh1 Kf6 59. h5 Kg7 60. h6+ Kh7 61. Rh5 Rc6 62.
Rxf5 Kxh6 63. Re5 Kg6 64. g4 Rcc2 65. Kg3 Kf7 66. f5 Rd1 67. Re4 Rh1 68. Kf4 Rh4 69. Kg5 Rh1 70. Ra4 Rc6 71. Ra7+ Kf8 72. Rb3 Rc8 73.
Rbb7 Rh8 74. f4 Ke8 75. Kf6 Rh6+ 76. Kg5 Rh8 77. f6 Kf8 78. f5 Rg8+ 79. Kh5 Rh8+ 80. Kg6 Rg8+ 81. Rg7 Rh8 82. Rh7 Rg8+ 83. Rag7 Rc4 84.
Rxg8+ Kxg8 85. Rg7+ Kf8 86. Kh5 Rc3 87. g5 Rh3+ 88. Kg6 Rh1 89. Ra7 Ke8 90. Ra8+ Kd7 91. f7 Rf1 92. f8=Q 1-0

[Event "Early-Titled-Tuesday-Blitz-April-02-2024"]
[Site "Chess.com"]
[Date "2024.04.02"]
[Round "3"]
[White "carloseduar100"]
[Black "Kimkibo"]
[Result "1-0"]
[WhiteElo "2200"]
[BlackElo "2386"]
[TimeControl "180+1"]
[EndTime "8:29:21 PDT"]
[Termination "carloseduar100 won on time"]

1. e4 c5 2. Nf3 d6 3. d3 g6 4. g3 Bg7 5. Bg2 e6 6. O-O Nc6 7. Be3 Nge7 8. c3 O-O 9. Qd2 b6 10. Bh6 Bb7 11. Bxg7 Kxg7 12. h4 h5 13. Ng5 Qd7 14.
d4 cxd4 15. cxd4 f6 16. Nxe6+ Qxe6 17. d5 Qd7 18. dxc6 Nxc6 19. Rd1 Rad8 20. Nc3 Ne5 21. Rac1 Qg4 22. Qf4 Qxf4 23. gxf4 Ng4 24. Nb5 Rf7 25. Rxd6 Rfd7 26. Rcd1 Rxd6 27. Rxd6 Rxd6 28.
Nxd6 Bc6 29. Nc8 Kf7 30. Nxa7 Bd7 31. Bf1 Ke6 32. Bb5 f5 33. f3 Nf6 34. Bxd7+ Kxd7 35. exf5 gxf5 36. Kf2 Nd5 37. Kg3 Ne3 38. Nb5 Kc6 39. Nd4+ Kd5 40. Ne2 Kc4 41. Nc3 Kd3 42. Kf2 Nc4 43. Nd5 b5 44. b3 Nd6 45.
a4 Kd4 46. Nf6 b4 47. Nd7 Kc3 48. Nc5 Kd4 49. Na6 Kc3 50. Nc5 Kd4 51. Na6 Kc3 52. Nc7 Nc8 53. a5 Kxb3 54. Nb5 Na7 55. Nxa7 Ka4 56. Nc6 Kb5 57. a6 b3 58. Nd4+ Kxa6 59.
Nxb3 Kb6 60. Nd4 Kc7 61. Nxf5 Kd7 62. Ng7 1-0

[Event "Early-Titled-Tuesday-Blitz-April-02-2024"]
[Site "Chess.com"]
[Date "2024.04.02"]
[Round "3"]
[White "kritipatel"]
[Black "Rosh1610"]
[Result "1-0"]
[WhiteElo "2265"]
[BlackElo "2460"]
[TimeControl "180+1"]
[EndTime "8:29:22 PDT"]
[Termination "kritipatel won by checkmate"]

1. e4 c5 2. d4 cxd4 3. c3 d3 4. Bxd3 Nc6 5. Nf3 g6 6. c4 Bg7 7.
O-O d6 8. Nc3 Nf6 9. h3 O-O 10.
Qe2 Bd7 11. Rd1 Rc8 12. Bf4 a6 13. Rac1 Nb4 14. Bb1 Nh5 15. Bh2 Bh6 16. Nd2 Be6 17. b3 b5 18. cxb5 axb5 19. Qxb5 Rb8 20. Qe2 Qa5 21.
Rf1 Rfc8 22. f4 Nc6 23. f5 Nd4 24. Qd3 Rxc3 25. Rxc3 Qxc3 26. Qxc3 Ne2+ 27. Kh1 Nxc3 28. fxe6 Bxd2 29. exf7+ Kg7 30. e5 Bf4 31. Bxf4 Nxf4 32.
Rxf4 Nxb1 33. e6 Kf8 34. b4 Nc3 35. a3 Nd5 36. Rc4 Kg7 37. Kg1 Kf6 38. Re4 Rf8 39. b5 Nc7 40. b6 Nxe6 41. b7 Kxf7 42. a4 Rb8 43. Rb4 Nc5 44. a5 Rxb7 45. Rxb7 Nxb7 46. a6 Nc5 47. a7 Nd7 48. a8=Q Nf6 49. Qf3 Kg7 50.
Kf2 Kf7 51. Ke3 d5 52. Kd4 Ke6 53. g4 Kd6 54. g5 Ne4 55. Qf4+ Kd7 56. Kxd5 Nd6 57.
Qg4+ Nf5 58. Ke5 Ke8 59. h4 Kf7 60. h5 Kg7 61. h6+ Kf7 62. Qc4+ Kf8 63. Qc8+ Kf7 64. Qh8 Nd6 65. Qxh7+ Ke8 66. Qxg6+ Kf8 67. h7 Nf7+ 68. Ke6 Ke8 69. h8=Q# 1-0